 Dungeon Crawl Stone Soup version 0.29.1-13-g9f3cf754e1 (webtiles) character file.

Game seed: 14997591430283873831

163 OTABOTABOTAB the Caller (level 5, -16/22 HPs)
             Began as a Felid Summoner on Jan 21, 2023.
             Shot with a bolt by an orc warrior (19 damage)
             ... on level 4 of the Dungeon.
             The game lasted 00:08:39 (5495 turns).

OTABOTABOTAB the Caller (Felid Summoner)            Turns: 5495, Time: 00:08:40

Health: -16/22     AC:  1    Str:  4    XL:     5   Next: 20%
Magic:  2/11       EV: 18    Int: 19    God:
Gold:   197        SH:  0    Dex: 16    Spells: 2/11 levels left
                                        Lives:  0   Deaths: 1

rFire   . . .      SeeInvis +   (weapon unavailable)
rCold   . . .      Faith    .   (shield unavailable)
rNeg    . . .      Spirit   .   (body armour unavailable)
rPois   .          Reflect  .   (helmet unavailable)
rElec   .          Harm     .   (cloak unavailable)
rCorr   .          Rampage  .   (gloves unavailable)
Will    .....                   (boots unavailable)
Stlth   ++........              (no amulet)
HPRegen 0.07/turn               (no ring)
MPRegen 0.12/turn               (no ring)

@: quick
A: very small, claws 1, fangs 3, see invisible, speed 1, shaggy fur 1, stealthy
paws, no weapons or thrown items, no armour, multi-lived
a: no special abilities


You were on level 4 of the Dungeon.
You visited 1 branch of the dungeon, and saw 4 of its levels.

You collected 197 gold pieces.

Inventory:

Jewellery
 e - an amulet of faith
   (You found it on level 2 of the Dungeon)
 C - a ring of protection from cold {rC+, !d}
   (You took it off a kobold on level 2 of the Dungeon)
Wands
 q - a wand of flame (18)
   (You found it on level 3 of the Dungeon)
Scrolls
 D - a scroll of blinking {!r}
 Y - a scroll of teleportation {@r3}
Potions
 b - a potion of heal wounds {unknown}
 c - a potion of curing {unknown}
 d - a potion of brilliance {unknown}
 f - a potion of haste {unknown}
 g - a potion of lignification {unknown}
 h - 3 potions of attraction {!q}
 i - a potion of berserk rage {unknown}
 M - a potion of might
 U - 2 potions of mutation {!q}


   Skills:
 + Level 1.7 Fighting
 + Level 3.8 Dodging
 - Level 2.6 Stealth
 + Level 3.7 Spellcasting
 + Level 2.6 Hexes
 + Level 5.3 Summonings


You had 2 spell levels left.
You knew the following spells:

 Your Spells              Type           Power      Damage    Failure   Level
a - Summon Small Mammal   Summ           92%        N/A       1%          1
b - Call Canine Familiar  Summ           23%        N/A       4%          3
c - Call Imp              Summ           23%        N/A       2%          2
d - Summon Guardian Gole  Hex/Summ       18%        N/A       9%          3

Your spell library contained the following spells:

 Spells                   Type           Power      Damage    Failure   Level
 Tukima's Dance           Hex            13%        N/A       14%         3
 Summon Lightning Spire   Summ/Air       13%        N/A       43%         4
 Blade Hands              Tmut           1%         N/A       98%         5
 Portal Projectile        Hex/Tloc       Unusable   N/A       N/A         3

Dungeon Overview and Level Annotations

Branches:
Dungeon (4/15)
 Temple: D:4-7

Altars:


Innate Abilities, Weirdness & Mutations

You have sharp claws.
You have razor-sharp teeth.
You have supernaturally acute eyesight. (SInv)
You cover ground quickly. (Speed+)
You are covered in fur. (AC +1)
Your paws help you pounce on unaware monsters.
You are incapable of wielding weapons or throwing items.
You cannot wear armour.
You gain extra lives every three experience levels.


Message History

You now have 8/10 mp.
The hound bites your hound.
Your hound bites the hound.
Your rat barely misses the hound.
Your rat disappears in a puff of smoke!
The hound barely misses your hound.
Your hound bites the hound.
The hound dies!
Welcome back to level 5!
Health restored: 22 You now have 7/11 mp.
You swap places.
Your rat disappears in a puff of smoke!
Your hound disappears in a puff of smoke!
Your bat disappears in a puff of smoke!
Done exploring.
MP restored: 11 Done exploring.
You swap places.
There is an escape hatch in the floor here.
There is a dry fountain here.
There is a stone staircase leading down here.
You climb downwards.
There is a stone staircase leading up here.
A worm is nearby!
You now have 8/11 mp.
A beastly little devil appears in a puff of flame.
The worm bites you!
Ouch! That really hurt!
You take 11 damage, and have 11/22 hp.
MASSIVE DAMAGE!!
You now have 6/11 mp.
Your hound bites the worm.
Your crimson imp blinks!
Your hound completely misses the worm.
You now have 5/11 mp.
Your hound bites the worm but does no damage.
Your hound bites the worm.
Your quokka bites the worm.
What are your orders? t - Meow!
Orders for allies: a - Attack new target. r - Retreat! s - Stop attacking. g - Guard the area. f - Follow me.
Anything else - Cancel.
Okay, then.
Unknown command.
Unknown command.
You swap places.
Your hound barely misses the worm.
Your quokka bites the worm.
The worm misses you.
Your hound bites the worm.
The worm dies!
Your quokka disappears in a puff of smoke!
Your crimson imp blinks!
Your crimson imp blinks!
Your crimson imp disappears in a puff of smoke!
You swap places.
h - 3 potions of attraction {!q} (gained 2)
Your hound disappears in a puff of smoke!
There is an escape hatch in the floor here.
An orc warrior is nearby!
An orc warrior is nearby!
Health restored: 22; MP restored: 11
Okay, then.
Unknown command.
A guardian golem appears, shielding your allies.
The orc warrior shouts!
The orc warrior shoots a bolt.
The bolt hits you!!
Ouch! That really hurt!
* * * LOW HITPOINT WARNING * * *
You hear a shout!
You take 20 damage, and have 2/22 hp.
MASSIVE DAMAGE!!
You now have 8/11 mp.
You now have 5/11 mp.
A beastly little devil appears in a puff of flame.
You now have 3/11 mp.
The orc warrior shoots a bolt.
The bolt hits your guardian golem!!
You hear a shout!
The orc warrior shoots a bolt.
The bolt closely misses your hound. The bolt hits your guardian golem.
Your crimson imp blinks!
You now have 2/11 mp.
Your crimson imp blinks!
Your guardian golem overheats!
Your bat hits the orc warrior but does no damage.
The orc warrior unwields a +0 trident.
The orc warrior wields a +0 arbalest.
The orc warrior shoots a bolt.
The bolt hits your guardian golem!
Your guardian golem disappears in a puff of smoke!
The fiery explosion engulfs your hound!!!
Your hound dies!
Your hound's corpse disappears in a puff of smoke!
The fiery explosion engulfs your quokka!!!
Your quokka dies!
Your quokka's corpse disappears in a puff of smoke!
The fiery explosion engulfs the orc warrior.
The fiery explosion engulfs your bat!!
Your bat dies!
Your bat's corpse disappears in a puff of smoke!
The orc warrior is engulfed in blazing flames.
The orc warrior shoots a bolt.
The bolt hits you!!
Ouch! That really hurt!
You die...

##..## ### ##.h## ##..##
##...# #...## ##...#
##5.## ### #...## #.#
##.. ##@..###.# # ##..?
#§§..#..# .###...##
##§§....# ........#
##o§....# ........####
#....<..#
...........#####.......#
..o......>.....o.......##
.§..o...o........o......#
..o###..o.o........###..#


You could see an orc warrior (ally target), an orc wizard and a friendly crimson
imp (summoned).

Vanquished Creatures
  A bush (D:1)
1 creature vanquished.

Vanquished Creatures (collateral kills)
  A howler monkey (D:4)
  A hound (D:3)
  An orc priest (D:3)
  2 orc wizards
  4 adders
  4 worms
  2 dart slugs
  2 orcs
  10 ball pythons
  10 endoplasms
  7 giant cockroaches
  8 goblins
  4 hobgoblins
  4 jackals (D:1)
  5 kobolds
  4 quokkas
  4 bats
  5 frilled lizards
  5 rats
83 creatures vanquished.

Vanquished Creatures (others)
  A plant (D:1)
1 creature vanquished.

Grand Total: 85 creatures vanquished

Notes
Turn   | Place    | Note
-------+----------+-------------------------------------------
     0 | D:1      | OTABOTABOTAB the Felid Summoner began the quest for the
                  | Orb.
     0 | D:1      | Reached XP level 1. HP: 7/7 MP: 4/4
   513 | D:1      | Reached XP level 2. HP: 11/11 MP: 3/6
   516 | D:1      | Learned a level 2 spell: Call Imp
  1187 | D:1      | Reached XP level 3. HP: 14/14 MP: 4/8
  2466 | D:1      | Learned a level 3 spell: Call Canine Familiar
  2727 | D:2      | Reached skill level 3 in Spellcasting
  3180 | D:2      | Reached XP level 4. HP: 18/18 MP: 4/9
  3184 | D:2      | Learned a level 3 spell: Summon Guardian Golem
  4020 | D:3      | Found a faded altar of an unknown god.
  4057 | D:3      | Reached skill level 3 in Dodging
  4057 | D:3      | Reached skill level 1 in Hexes
  4057 | D:3      | Reached skill level 5 in Summonings
  4068 | D:3      | Reached skill level 1 in Fighting
  4068 | D:3      | Reached XP level 5. HP: 22/22 MP: 2/11
  5040 | D:4      | Reached skill level 2 in Hexes
  5182 | D:4      | Noticed an orc warrior
  5224 | D:3      | HP: 5/22 [hound (5)]
  5224 | D:3      | HP: 2/22 [hound (3)]
  5226 | D:3      | Slain by a hound
  5227 | D:3      | Reached XP level 4. HP: -1/19 MP: 8/10
  5238 | D:3      | Reached XP level 5. HP: 22/22 MP: 7/11
  5479 | D:4      | HP: 2/22 [orc warrior/bolt (20)]
  5495 | D:4      | Shot with a bolt by an orc warrior

Illustrated notes

Levels and vault maps discovered:
D:1:      ncdulo_smallfort, layout_loops_ring, serial_forest,
          infiniplex_forest_straight_3, infiniplex_forest_straight_3,
          infiniplex_forest_lined_2, infiniplex_forest_lined_2,
          infiniplex_forest_lined_3, infiniplex_forest_join,
          infiniplex_forest_diagonal, infiniplex_forest_clump_tiny
D:2:      layout_loops_corners, dk_noncrumbling_4, kennysheep_generic_room_2
D:3:      layout_loops_cross, hellmonk_ecumenical_altar_run_dry
D:4:      layout_layer_cave

Skill      XL: |  1  2  3  4  5 |
---------------+----------------+-----
Spellcasting   | 3 |  3.7
Dodging        | 3 |  3.8
Hexes          | 1 2 |  2.6
Summonings     | 5 |  5.3
Fighting       | 1 |  1.7
Stealth        | |  2.6

Action                   |  1- 3 |  4- 6 || total
-------------------------+-------+-------++-------
Melee: Unarmed           |   313 |       ||   313
       Bite              |    66 |       ||    66
       Punch             |     6 |       ||     6
 Cast: Summon Small Mamm |    60 |    19 ||    79
       Call Imp          |    24 |    15 ||    39
       Call Canine Famil |     6 |    21 ||    27
       Summon Guardian G |       |     2 ||     2
  Use: Scroll            |     8 |     1 ||     9
       Potion            |       |     1 ||     1
Armor: Skin              |     3 |     4 ||     7
Dodge: Dodged            |    27 |    31 ||    58

Table legend: (Time is in decaauts)
 A = Elapsed time spent in this place.
 B = Non-inter-level travel time spent in this place.
 C = Inter-level travel time spent in this place.
 D = Time resting spent in this place.
 E = Time spent auto-exploring this place.
 F = Levels seen in this place.
 G = Mean time per level.
                   A        B        C        D        E       F      G
               +--------+--------+--------+--------+--------+-----+--------+
         Total |   5018 |   4933 |     85 |    104 |   3656 |   4 | 1254.5 |
       Dungeon |   5018 |   4933 |     85 |    104 |   3656 |   4 | 1254.5 |
               +--------+--------+--------+--------+--------+-----+--------+

Top non-repeatable levels by time:
     D:1: 2304 daAuts
     D:2: 1288 daAuts
     D:3: 915 daAuts
     D:4: 510 daAuts

Table legend:
 A = Kills in this place as a percentage of kills in entire the game.
 B = Kills by you in this place as a percentage of kills by you in the entire game.
 C = Kills by friends in this place as a percentage of kills by friends in the entire game.
 D = Other kills in this place as a percentage of other kills in the entire game.
 E = Experience gained in this place as a percentage of experience gained in the entire game.
 F = Experience gained in this place divided by the number of levels of this place that you have seen.
                   A       B       C       D       E      F
               +-------+-------+-------+-------+-------+----------------------
         Total | 100.0 |   N/A | 100.0 |   N/A | 100.0 | 102.8
       Dungeon | 100.0 |   N/A | 100.0 |   N/A | 100.0 | 102.8
               +-------+-------+-------+-------+-------+----------------------
